 Dungeon Sprint DCSS version 0.27-a0-1301-g128193abf8 (webtiles) character file.

Game seed: 3896096137859674842

985 mhtbhm the Thaumaturge (level 7, 0/33 HPs)
             Began as a Spriggan Earth Elementalist on June 17, 2021.
             Was a Believer of Vehumet.
             Shot with an arrow by a centaur warrior (15 damage)
             ... in the Dungeon (Sprint IX: "|||||||||||||||||||||||||||||").
             The game lasted 00:02:43 (1493 turns).

mhtbhm the Thaumaturge (SpEE)                       Turns: 1493, Time: 00:02:43

Health: 0/33       AC:  2    Str:  7    XL:     7   Next: 97%
Magic:  2/24       EV: 21    Int: 19    God:    Vehumet [**....]
Gold:   0          SH:  0    Dex: 15    Spells: 17/32 levels left

rFire    . . .     SeeInvis +   l - +2 rapier (flame)
rCold    . . .     Faith    .   (shield restricted)
rNeg     . . .     Spirit   .   b - +0 robe
rPois    .         Reflect  .   (helmet restricted)
rElec    .         Harm     .   (no cloak)
rCorr    .         Rampage  .   (gloves unavailable)
Will     +....     NoTele   +   (boots unavailable)
Stlth    +++.......             (no amulet)
HPRegen  0.11/turn              m - +2 ring of evasion
MPRegen  0.19/turn              n - +3 ring of strength

@: very quick
A: very small, no large weapons, unfitting armour, see invisible, speed 3
a: Renounce Religion


You were in the Dungeon.
You worshipped Vehumet.
Vehumet was pleased with you.
You visited 1 branch

Inventory:

Hand Weapons
 l - a +2 rapier of flaming (weapon)
Missiles
 i - a stone
Armour
 b - a +0 robe (worn)
Jewellery
 m - a +2 ring of evasion (left hand)
 n - a +3 ring of strength (right hand)
Wands
 k - a wand of iceblast (10)
Scrolls
 h - 2 scrolls of blinking
 j - 2 scrolls of amnesia
Potions
 a - a potion of invisibility
 c - 5 potions of curing
 d - 2 potions of heal wounds
 e - a potion of haste
 f - 4 potions of magic
 g - a potion of berserk rage


   Skills:
 + Level 1.2 Fighting
 + Level 5.5 Dodging
 + Level 5.5 Stealth
 + Level 13.0 Spellcasting
 + Level 1.1 Conjurations
 + Level 2.1 Transmutations
 + Level 11.5 Earth Magic


You had 17 spell levels left.
You knew the following spells:

 Your Spells              Type           Power      Damage    Failure   Level
a - Sandblast             Erth           100%       2d20      1%          1
b - Passwall              Tmut/Erth      31%        N/A       1%          2
c - Stone Arrow           Conj/Erth      72%        3d11      1%          3
d - Lee's Rapid Deconstr  Erth           27%        3d15*     1%          5
e - Petrify               Tmut/Erth      38%        N/A       3%          4

Your spell library contained the following spells:

 Spells                   Type           Power      Damage    Failure   Level
 Magic Dart               Conj           64%        1d6       3%          1


Dungeon Overview and Level Annotations

Branches:
Dungeon (1/1)

Altars:
Cheibriados
Dithmenos
Elyvilon
Fedhas
Gozag
Hepliaklqana
Kikubaaqudgha
Makhleb
Nemelex Xobeh
Okawaru
Qazlal
Ru
Sif Muna
Trog
Uskayaw
Vehumet
Wu Jian
Xom
Yredelemnul
Zin
The Shining One
Beogh
Jiyva
Lugonu


Innate Abilities, Weirdness & Mutations

You are very small and have problems with some larger weapons.
You are too small for most types of armour.
You have supernaturally acute eyesight. (SInv)
You cover ground extremely quickly. (Speed+++)


Message History

The troll shatters!!
You blow up the troll!
Vehumet accepts your kill.
The blast of petrified fragments hits the centaur warrior!
The centaur warrior is severely wounded.
The centaur warrior wields a +0 shortbow.
The centaur warrior shoots an arrow.
The arrow hits you!!
Ouch! That really hurt!
Your Spellcasting skill increases to level 13!
Your Conjurations skill increases to level 1!
Your Transmutations skill increases to level 2!
Unknown command.
Unknown command.
Casting: Lee's Rapid Deconstruction (quite dangerous; 1% risk of failure)
Confirm with . or Enter, or press ? or * to list all spells.
Aiming: Stone Arrow (safe; 1% risk of failure)
Press: ? - help, Shift-Dir - straight line, f - centaur warrior
Aim: a centaur warrior, wielding a +0 shortbow and quivering arrows (severely wounded, 81% to hit)
The stone arrow hits the centaur warrior.
The centaur warrior is severely wounded.
The centaur warrior shoots an arrow.
The arrow closely misses you.
Unknown command.
Casting: Stone Arrow (safe; 1% risk of failure)
Confirm with . or Enter, or press ? or * to list all spells.
You don't have enough magic to cast this spell.
Unknown command.
Unknown command.
You close the door.
You start resting.
A centaur warrior opens the door.
It is wielding a +0 shortbow.
Unknown command.
Casting: Stone Arrow (safe; 1% risk of failure)
Confirm with . or Enter, or press ? or * to list all spells.
Aiming: Sandblast (safe; 1% risk of failure)
Press: ? - help, Shift-Dir - straight line, f/p - centaur warrior
Aim: a centaur warrior, wielding a +0 shortbow and quivering arrows (severely wounded, 88% to hit)
The blast of sand hits the centaur warrior but does no damage.
The centaur warrior is severely wounded.
The centaur warrior shoots an arrow.
The arrow hits you!
You die... ▓▓▓▓▓▓▓▓▓▓▓▓▓▓▓▓▓▓▓▓▓▓▓▓▓▓▓▓▓▓▓ _______'..).[[[.@'cOB.W.'..W..9 ▓▓▓▓▓▓▓▓▓▓▓▓▓▓▓▓▓▓▓▓▓▓▓▓▓▓▓▓▓▓▓

You could see a boulder beetle, a centaur warrior, a two-headed ogre and a wraith.

Vanquished Creatures
  A troll (D)
  A wraith (D)
  A yak (D)
  An orc warrior (D)
  A black bear (D)
  2 centaurs (D)
  A scorpion (D)
  A howler monkey (D)
  An iguana (D)
  An adder (D)
  A giant cockroach (D)
  2 hobgoblins (D)
  2 ball pythons (D)
  A quokka zombie (D)
17 creatures vanquished.

Notes
Turn   | Place    | Note
-------+----------+-------------------------------------------
     0 | D        | mhtbhm the Spriggan Earth Elementalist began the quest for
                  | the Orb.
     0 | D        | Reached XP level 1. HP: 9/9 MP: 5/5
    22 | D        | Reached skill level 3 in Spellcasting
   193 | D        | Noticed an iguana
   193 | D        | Noticed a black bear
   193 | D        | Noticed a scorpion
   200 | D        | Killed an iguana
   201 | D        | Reached skill level 4 in Spellcasting
   201 | D        | Reached skill level 5 in Earth Magic
   201 | D        | Reached XP level 2. HP: 9/13 MP: 1/8
   201 | D        | Reached XP level 3. HP: 12/16 MP: 1/10
   284 | D        | Learned a level 2 spell: Passwall
   288 | D        | Learned a level 3 spell: Stone Arrow
   292 | D        | Killed a black bear
   293 | D        | Reached skill level 6 in Spellcasting
   293 | D        | Reached XP level 4. HP: 21/21 MP: 7/13
   451 | D        | Killed a scorpion
   452 | D        | Reached skill level 8 in Spellcasting
   452 | D        | Reached XP level 5. HP: 25/25 MP: 8/16
   619 | D        | Found a snail-covered altar of Cheibriados.
   619 | D        | Found a shadowy altar of Dithmenos.
   619 | D        | Found a white marble altar of Elyvilon.
   619 | D        | Found a blossoming altar of Fedhas.
   619 | D        | Found an opulent altar of Gozag.
   620 | D        | Found a hazy altar of Hepliaklqana.
   621 | D        | Found a viscous altar of Jiyva.
   622 | D        | Found an ancient bone altar of Kikubaaqudgha.
   623 | D        | Found a corrupted altar of Lugonu.
   624 | D        | Found a burning altar of Makhleb.
   625 | D        | Found a sparkling altar of Nemelex Xobeh.
   626 | D        | Found an iron altar of Okawaru.
   627 | D        | Found a stormy altar of Qazlal.
   628 | D        | Found a sacrificial altar of Ru.
   629 | D        | Found a shimmering blue altar of Sif Muna.
   630 | D        | Found a bloodstained altar of Trog.
   631 | D        | Found a hide-covered altar of Uskayaw.
   632 | D        | Found a radiant altar of Vehumet.
   633 | D        | Found an ornate altar of the Wu Jian Council.
   634 | D        | Found a shimmering altar of Xom.
   635 | D        | Found a basalt altar of Yredelemnul.
   636 | D        | Found a glowing silver altar of Zin.
   637 | D        | Found a glowing golden altar of the Shining One.
   640 | D        | Became a worshipper of Vehumet
   666 | D        | Noticed a yak
   666 | D        | Noticed a centaur
   666 | D        | Noticed an orc warrior
   666 | D        | Noticed a centaur
   666 | D        | Noticed a wraith
   674 | D        | Killed a yak
   675 | D        | Reached skill level 5 in Stealth
   675 | D        | Reached skill level 9 in Spellcasting
   675 | D        | Reached XP level 6. HP: 29/29 MP: 13/19
   711 | D        | Reached skill level 1 in Fighting
   711 | D        | Reached skill level 10 in Spellcasting
   726 | D        | Reached * piety under Vehumet
   726 | D        | Offered knowledge of Shock by Vehumet.
   727 | D        | Reached skill level 5 in Dodging
   782 | D        | Killed an orc warrior
   783 | D        | Reached skill level 11 in Spellcasting
   783 | D        | Reached skill level 10 in Earth Magic
   783 | D        | Reached XP level 7. HP: 27/33 MP: 8/22
   853 | D        | Learned a level 5 spell: Lee's Rapid Deconstruction
  1131 | D        | Killed a wraith
  1131 | D        | Reached ** piety under Vehumet
  1131 | D        | Offered knowledge of Magic Dart by Vehumet.
  1132 | D        | Reached skill level 12 in Spellcasting
  1469 | D        | Noticed a troll
  1469 | D        | Noticed a centaur warrior
  1469 | D        | Noticed a boulder beetle
  1469 | D        | Noticed a two-headed ogre
  1469 | D        | Noticed a wraith
  1469 | D        | Noticed a gargoyle
  1476 | D        | Learned a level 4 spell: Petrify
  1489 | D        | Killed a troll
  1490 | D        | Reached skill level 13 in Spellcasting
  1490 | D        | Reached skill level 1 in Conjurations
  1493 | D        | Shot with an arrow by a centaur warrior

Illustrated notes

Levels and vault maps discovered:
D:        linesprint [early_d, line_temple, items_1, d_10, items_2, lair_1,
          lair_end, items_3, orc_1, orc_end, items_4, d_15, swamp_1, shoals_1,
          snake_1, spider_1, d_20, vaults_1, items_5, swamp_end, shoals_end,
          snake_end, spider_end, vaults_end, d_27, items_6, zot_1, zot_end,
          crypt_end, forest_end, elf_end, slime_end, tomb_end, abyss_end,
          pan_hell_end]

Skill      XL: |  1  2  3  4  5  6  7 |
---------------+----------------------+-----
Earth Magic    | 5 7 9 10 11 | 11.5
Spellcasting   | 4 6 8 9 11 13 | 13.0
Dodging        | 3 4 5 |  5.5
Stealth        | 4 5 |  5.5
Fighting       | 1 |  1.2
Conjurations   | 1 |  1.1
Transmutations | 2 |  2.1

Action                   |  1- 3 |  4- 6 |  7- 9 || total
-------------------------+-------+-------+-------++-------
 Cast: Sandblast         |    14 |    14 |     1 ||    29
       Stone Arrow       |       |     4 |     4 ||     8
       Lee's Rapid Decon |       |       |     7 ||     7
       Petrify           |       |       |     1 ||     1
  Use: Potion            |       |     1 |       ||     1
Dodge: Dodged            |     9 |    10 |     8 ||    27

Table legend: (Time is in decaauts)
 A = Elapsed time spent in this place.
 B = Non-inter-level travel time spent in this place.
 C = Inter-level travel time spent in this place.
 D = Time resting spent in this place.
 E = Time spent auto-exploring this place.
 F = Levels seen in this place.
 G = Mean time per level.
                   A        B        C        D        E       F      G
               +--------+--------+--------+--------+--------+-----+--------+
         Total |   1405 |   1405 |      0 |   1178 |     38 |   1 | 1405.0 |
       Dungeon |   1405 |   1405 |      0 |   1178 |     38 |   1 | 1405.0 |
               +--------+--------+--------+--------+--------+-----+--------+

Top non-repeatable levels by time:
       D: 1405 daAuts
